 Dungeon Crawl Stone Soup version 0.20.1-1-g8b1a95d (webtiles) character file.

101 Irenicus the Insei (level 4, -1/31 HPs)
             Began as an Octopode Chaos Knight on Oct 8, 2017.
             Slain by a jackal (3 damage)
             ... in a sewer.
             The game lasted 00:04:46 (2120 turns).

Irenicus the Insei (Octopode Chaos Knight)          Turns: 2120, Time: 00:04:47

Health: -1/31      AC:  1    Str: 11    XL:     4   Next: 75%
Magic:  4/4        EV: 19    Int: 14    God:    Xom [..*...]
Gold:   107        SH:  0    Dex: 17    Spells: 3/3 levels left

rFire    . . .     SeeInvis .     - Unarmed
rCold    . . .     Gourm    .   (no shield)
rNeg     . . .     Faith    .   (helmet restricted)
rPois    .         Spirit   .   (no amulet)
rElec    .         Reflect  .   (no ring)
rCorr    .         Harm     .   (no ring)
MR       .....                  (no ring)
Stlth    ++++......             (no ring)
Regen    0.1/turn               (no ring)
MPRegen  0.1/turn               (no ring)
                                (no ring)
                                (no ring)

@: agile, flying, hasted, very quick
A: almost no armour, stealthy swim, amphibious, 8 rings, constrict 8, camouflage
1, gelatinous body 1
a: Renounce Religion


You were in a sewer.
You worshipped Xom.
You were a toy of Xom.
You were not hungry.

You visited 1 branch of the dungeon, and saw 3 of its levels.
You also visited: Sewer.

You collected 107 gold pieces.

Inventory:

Wands
 m - a wand of random effects (24/48)
Scrolls
 b - a scroll of teleportation {unknown}
 d - 3 scrolls of identify {unknown}
 h - 2 scrolls of recharging {unknown}
 j - a scroll of remove curse {unknown}
 k - 2 scrolls of noise {unknown}
 l - 4 scrolls of immolation {unknown}
 o - a scroll of amnesia {unknown}
 p - a scroll of fear {unknown}
Potions
 n - a potion of heal wounds {unknown}
 q - a potion of curing {unknown}
Comestibles
 a - 3 bread rations
 f - 2 meat rations
 g - 3 royal jellies
 r - 2 chunks of flesh


   Skills:
 - Level 3.0 Fighting
 - Level 2.3 Dodging
 - Level 2.0 Stealth
 + Level 5.0 Unarmed Combat


You had 3 spell levels left.
You didn't know any spells.

Dungeon Overview and Level Annotations

Branches:
Dungeon (3/15)

Altars:
Gozag


Innate Abilities, Weirdness & Mutations

You cannot wear most types of armour.
You are very stealthy in the water. (Stealth+)
You are amphibious.
You can wear up to eight rings at the same time.
You can use your tentacles to constrict eight enemies at once.
Your skin changes colour to match your surroundings (Stealth+).
Your rubbery body absorbs attacks. (AC +1, EV +1)


Message History

* * * LOW HITPOINT WARNING * * *
Okay, then.
You release your grip on the big kobold.
The jackal bites you.
* * * LOW HITPOINT WARNING * * *
Xom is interested.
You see here a bolt.
It was a potion of flight.
You feel very buoyant.
You fly up into the air.
Xom thinks this is hilarious!
The jackal barely misses you.
It was a potion of agility.
You feel agile all of a sudden. The jackal closely misses you.
It was a potion of haste.
You feel yourself speed up.
Xom thinks this is hilarious!
The jackal completely misses you. The jackal bites you.
You die...
Xom chuckles heartily!

## #.####### .......##
#.....≈.## ##....≈≈≈.#
#......≈..# #..KK...#
####h#### #...≈@≈.#
#.≈≈≈≈..# #≈≈≈≈≈≈≈#
#.≈≈≈≈≈.# #≈≈≈≈≈≈.#
#.≈≈≈≈≈≈# #.≈≈≈≈≈.#
#≈≈≈≈≈.≈##############
#≈≈≈≈≈≈≈≈≈≈≈≈≈≈≈≈≈≈≈≈≈


You could see a big kobold and a jackal.

Vanquished Creatures
  A river rat (Sewer)
  3 adders (D:2)
  2 oozes (D:1)
  A dart slug (D:1)
  3 leopard geckos
  2 giant cockroaches
  5 goblins
  5 hobgoblins
  A jackal (Sewer)
  2 ball pythons (D:2)
  5 bats
  5 frilled lizards
  11 kobolds
  11 rats
57 creatures vanquished.

Notes
Turn   | Place    | Note
-------+----------+-------------------------------------------
     0 | D:1      | Irenicus the Octopode Chaos Knight began the quest for the Orb.
     0 | D:1      | Reached XP level 1. HP: 16/16 MP: 1/1
   125 | D:1      | Reached XP level 2. HP: 14/21 MP: 2/2
   282 | D:1      | XOM: harmless Tmut miscast
   377 | D:1      | Reached skill level 4 in Unarmed Combat
   382 | D:1      | Reached XP level 3. HP: 26/26 MP: 3/3
   461 | D:1      | XOM: mild Ice miscast
   715 | D:1      | XOM: medium Summ miscast
   716 | D:1      | Noticed a small abomination
   716 | D:1      | Noticed a small abomination
   716 | D:1      | Noticed a small abomination
   719 | D:1      | HP: 1/26 [small abomination[the capriciousness of Xom] (2)]
   792 | D:2      | XOM: medium Conj miscast
  1061 | D:2      | Reached skill level 1 in Stealth
  1072 | D:2      | XOM: 8-stop teleportation journey
  1258 | D:2      | XOM: noise
  1406 | D:2      | Reached XP level 4. HP: 27/31 MP: 4/4
  1419 | D:2      | Found an opulent altar of Gozag.
  1630 | D:2      | XOM: 1-stop teleportation journey
  1989 | D:3      | XOM: cast spell 'Summon Small Mammal'
  1997 | D:3      | Found a glowing drain.
  2006 | Sewer    | Entered a sewer
  2017 | Sewer    | XOM: potion effect (haste)
  2030 | Sewer    | Reached skill level 5 in Unarmed Combat
  2105 | Sewer    | Noticed a big kobold
  2120 | Sewer    | Slain by a jackal

Skill      XL: |  1  2  3  4 |
---------------+-------------+-----
Unarmed Combat | 4 5 |  5.0
Stealth        | 1 2 |  2.0
Fighting       | |  3.0
Dodging        | |  2.3

Action                   |  1- 3 |  4- 6 || total
-------------------------+-------+-------++-------
Melee: Unarmed           |    75 |    51 ||   126
       Tentacles         |    12 |     7 ||    19
       Constrict         |    18 |    13 ||    31
       Punch             |     3 |       ||     3
  Use: Potion            |       |     3 ||     3
 Stab: Sleeping          |     5 |     3 ||     8
  Eat: Chunk             |     1 |     3 ||     4
Armor: Skin              |     3 |     5 ||     8
Dodge: Dodged            |    32 |    51 ||    83
